[Event "Early Titled Tuesday Blitz | February 8 2022"]
[White "Ronka, Erik"]
[Black "Tarasova, Viktoriya"]
[WhiteFideId "505080"]
[BlackFideId "4175840"]
[WhiteElo "2264"]
[BlackElo "2182"]
[Result "1-0"]
[Round "06"]
[TimeControl "180+1"]
[Date "2022.02.08"]
[WhiteClock "0:00:58"]
[BlackClock "0:00:16"]

1. d4 Nf6 2. Nf3 e6 3. g3 b6 4. Bg2 Bb7 5. O-O c5 6. dxc5 Bxc5 7. c4 O-O 8. Nc3 a6 9. Bf4 Be7 10. Bd6 Bxd6 11. Qxd6 Ne8 12. Qd3 d6 13. Ng5 Qxg5 14. Bxb7 Ra7 15. Bg2 Nd7 16. Rfd1 Qe7 17. b3 Nc5 18. Qd4 Qf6 19. Qd2 Rc7 20. Rac1 Qe7 21. b4 Nb7 22. Na4 b5 23. cxb5 axb5 24. Nc3 Qd7 25. Qd3 Rc4 26. Nxb5 Rxb4 27. Bc6 Qe7 28. Qa3 Rg4 29. Qa7 Rb4 30. Rb1 Rxb1 31. Rxb1 d5 32. Qxb7 1-0


[Site "https://www.chess.com"]

[Event "Early Titled Tuesday Blitz | February 8 2022"]
[White "Rostovtsev, Dmitry"]
[Black "Stanisz, Patryk"]
[WhiteFideId "34278320"]
[BlackFideId "1123106"]
[WhiteElo "2218"]
[BlackElo "1876"]
[Result "1-0"]
[Round "06"]
[TimeControl "180+1"]
[Date "2022.02.08"]
[WhiteClock "0:02:37"]
[BlackClock "0:00:01"]

1. e4 c5 2. Nf3 Nc6 3. Bb5 g6 4. O-O Bg7 5. c3 Nf6 6. Re1 O-O 7. d4 d5 8. e5 Ne4 9. Bxc6 bxc6 10. Be3 cxd4 11. cxd4 Qb6 12. Qc1 Re8 13. Nbd2 Bf5 14. Nxe4 Bxe4 15. Nd2 Bd3 16. Qc3 Ba6 17. Rec1 Rec8 18. Nb3 e6 19. Nc5 Rc7 20. b3 Bf8 21. Qd2 Bc8 22. Bh6 Re7 23. Bxf8 Kxf8 24. Qh6+ Kg8 25. Rc3 f5 26. exf6 Rf7 27. Rh3 e5 28. Re3 Bf5 29. Rxe5 Raf8 30. Rae1 Rxf6 31. Re7 R8f7 32. Rxf7 Kxf7 33. Qxh7+ Kf8 34. Qh8+ Kf7 35. Qe8+ Kg7 36. Re7+ Kh6 37. Qh8+ Kg5 38. f4+ Kxf4 39. Qh4+ Bg4 40. Qxf6+ Bf5 41. Qe5+ Kg5 42. Qg3+ Kf6 43. Rh7 Qb4 44. Qe5+ Kg5 45. Ne6+ Kg4 46. Qf4# 1-0


[Site "https://www.chess.com"]

[Event "Early Titled Tuesday Blitz | February 8 2022"]
[White "Rudykh, Stepan"]
[Black "Shubenkova, Veronika"]
[WhiteFideId "4180321"]
[BlackFideId "44124040"]
[WhiteElo "2121"]
[BlackElo "1938"]
[Result "0-1"]
[Round "06"]
[TimeControl "180+1"]
[Date "2022.02.08"]
[WhiteClock "0:00:02"]
[BlackClock "0:01:12"]

1. e4 e6 2. d4 d5 3. Nd2 Nf6 4. e5 Nfd7 5. Bd3 c5 6. c3 Nc6 7. Ne2 Qb6 8. O-O cxd4 9. cxd4 Nxd4 10. Nxd4 Qxd4 11. Nf3 Qb6 12. a3 Be7 13. b4 a5 14. Be3 Qc7 15. Rc1 Qb8 16. Qd2 axb4 17. axb4 Nxe5 18. Rxc8+ Qxc8 19. Nxe5 O-O 20. b5 Qc7 21. f4 Ra3 22. b6 Qc3 23. Qe2 Ra1 24. h3 Rxf1+ 25. Qxf1 Ra8 26. Kh2 Bd6 27. Nf3 h6 28. Bd4 Qa3 29. Qe2 Bxf4+ 30. g3 Bd6 31. Ne5 Qa2 32. Qxa2 Rxa2+ 33. Kg1 Rd2 0-1


[Site "https://www.chess.com"]

[Event "Early Titled Tuesday Blitz | February 8 2022"]
[White "Sadhwani, Raunak"]
[Black "Dobrov, Vladimir"]
[WhiteFideId "35093487"]
[BlackFideId "4136594"]
[WhiteElo "2616"]
[BlackElo "2614"]
[Result "0-1"]
[Round "06"]
[TimeControl "180+1"]
[Date "2022.02.08"]
[WhiteClock "0:00:05"]
[BlackClock "0:00:21"]

1. d4 Nf6 2. Nf3 e6 3. Bf4 c5 4. e3 Nc6 5. Nbd2 d5 6. c3 Nh5 7. Bg5 Qb6 8. Rb1 h6 9. Bh4 g5 10. Bg3 Nxg3 11. hxg3 Bg7 12. Be2 Bd7 13. O-O g4 14. Ne1 h5 15. Nd3 cxd4 16. cxd4 Qc7 17. b4 Qd6 18. b5 Ne7 19. Nc5 b6 20. Nxd7 Qxd7 21. Bd3 f5 22. Qe2 Kf7 23. Rfc1 Qd6 24. Nb3 h4 25. gxh4 Rxh4 26. g3 Rh3 27. Kg2 e5 28. dxe5 Bxe5 29. Rh1 Bxg3 30. Rxh3 gxh3+ 31. Kh1 Be5 32. Rg1 Rh8 33. Nd2 h2 34. Rg2 Qb4 35. Nf3 Bf6 36. Rxh2 Rxh2+ 37. Kxh2 Qg4 38. Ng1 Qg6 39. Qf3 Be5+ 40. Kh1 Qh6+ 41. Kg2 Ke6 42. Ne2 Qh2+ 43. Kf1 Qh4 44. Qg2 Qa4 45. Ke1 Qa3 46. Bc2 Qxa2 47. Kd1 Qa1+ 48. Kd2 Qb2 49. Qg5 Qxb5 50. Qh6+ Kd7 51. Qg5 Qb4+ 52. Kd1 Qg4 53. Qh6 Kc7 54. f4 Bd6 55. Kd2 Qg2 56. Kd3 Qe4+ 57. Kd2 Bb4+ 58. Kd1 Qxe3 0-1


[Site "https://www.chess.com"]

[Event "Early Titled Tuesday Blitz | February 8 2022"]
[White "Saim, Mohamed Ilias"]
[Black "Yonal, Timur"]
[WhiteFideId "7900465"]
[BlackFideId "44115725"]
[WhiteElo "2006"]
[BlackElo "1762"]
[Result "0-1"]
[Round "06"]
[TimeControl "180+1"]
[Date "2022.02.08"]
[WhiteClock "0:00:01"]
[BlackClock "0:00:04"]

1. d4 d5 2. Nf3 e6 3. e3 Nf6 4. b3 Be7 5. Bb2 O-O 6. Bd3 c5 7. Nbd2 Nc6 8. a3 cxd4 9. exd4 Qc7 10. Ne5 Bd6 11. f4 a6 12. O-O b5 13. Rf3 Qb6 14. c3 Bxe5 15. fxe5 Nxe5 16. Rxf6 Nxd3 17. Rf3 Nxb2 18. Qc2 e5 19. Qxb2 e4 20. Rg3 Qh6 21. Nf1 f5 22. Rh3 Qg6 23. Rg3 Qf6 24. Re3 f4 25. Ree1 Qg6 26. c4 f3 27. cxd5 f2+ 28. Qxf2 Rxf2 29. Kxf2 Bb7 30. Ne3 Rd8 31. Rac1 Qf6+ 32. Kg1 Qxd4 33. Kh1 Bxd5 0-1


[Site "https://www.chess.com"]

[Event "Early Titled Tuesday Blitz | February 8 2022"]
[White "Samunenkov, Ihor"]
[Black "Camacho Collados, Jose"]
[WhiteFideId "14187086"]
[BlackFideId "2265427"]
[WhiteElo "2406"]
[BlackElo "2351"]
[Result "1-0"]
[Round "06"]
[TimeControl "180+1"]
[Date "2022.02.08"]
[WhiteClock "0:01:21"]
[BlackClock "0:00:06"]

1. e4 e5 2. Nf3 Nf6 3. Nxe5 d6 4. Nc4 Nxe4 5. Qe2 Qe7 6. Ne3 c6 7. b3 Be6 8. Bb2 Nd7 9. d3 Nef6 10. Nd2 d5 11. O-O-O a5 12. f4 a4 13. f5 axb3 14. axb3 Ra2 15. fxe6 Rxb2 16. exd7+ Kxd7 17. Kxb2 Qa3+ 18. Kb1 Bb4 19. Ndc4 Qa7 20. c3 Ra8 21. Qb2 Bxc3 22. Qxc3 d4 23. Qa5 Qb8 24. Qxa8 1-0


[Site "https://www.chess.com"]

[Event "Early Titled Tuesday Blitz | February 8 2022"]
[White "Sanal, Vahap"]
[Black "Niemann, Hans Moke"]
[WhiteFideId "6300545"]
[BlackFideId "2093596"]
[WhiteElo "2603"]
[BlackElo "2636"]
[Result "0-1"]
[Round "06"]
[TimeControl "180+1"]
[Date "2022.02.08"]
[WhiteClock "0:00:03"]
[BlackClock "0:00:10"]

1. e4 c5 2. Nf3 Nc6 3. d4 cxd4 4. Nxd4 Nf6 5. Nc3 d6 6. Bg5 e6 7. Bb5 Bd7 8. Qd3 h6 9. Bh4 Be7 10. O-O-O Rc8 11. f4 O-O 12. g4 Nb4 13. Qe2 Qa5 14. Nb3 Nxa2+ 15. Nxa2 Qxa2 16. Bxd7 Rc7 17. Qb5 a6 18. Qa4 Qxa4 19. Bxa4 b5 20. Bxf6 gxf6 21. Bxb5 axb5 22. Kb1 Rfc8 23. c3 Kg7 24. f5 Rc4 25. Nd2 R4c5 26. Nb3 Re5 27. Rhe1 b4 28. cxb4 Rb8 29. Nd4 Rc8 30. b5 Bd8 31. Nc6 Rxb5 32. Rxd6 Bb6 33. fxe6 Bc5 34. Ne7 Rcb8 35. Nf5+ Kg6 36. Rd2 fxe6 37. Nh4+ Kg5 38. Nf3+ Kf4 39. Nd4 Bxd4 40. Rxd4 Rxb2+ 41. Kc1 Rb1+ 42. Kd2 R8b2+ 43. Kc3 Rxe1 44. Kxb2 Rxe4 45. Rd8 Kxg4 46. Kc3 Kh3 47. Kd3 Rh4 48. Rd6 Kxh2 49. Rxe6 Rf4 50. Ke3 Rf1 51. Ke2 Rf5 52. Re7 Re5+ 0-1


[Site "https://www.chess.com"]

[Event "Early Titled Tuesday Blitz | February 8 2022"]
[White "Sargsyan, Anna M."]
[Black "Chigaev, Maksim"]
[WhiteFideId "13308130"]
[BlackFideId "4108116"]
[WhiteElo "2606"]
[BlackElo "2913"]
[Result "0-1"]
[Round "06"]
[TimeControl "180+1"]
[Date "2022.02.08"]
[WhiteClock "0:00:19"]
[BlackClock "0:00:42"]

1. e4 c5 2. Nf3 e6 3. d4 cxd4 4. Nxd4 Nc6 5. Nc3 Qc7 6. Be3 a6 7. Qf3 Bd6 8. O-O-O Be5 9. g3 Nge7 10. Qe2 b5 11. f4 Bxd4 12. Bxd4 Nxd4 13. Rxd4 Rb8 14. Bg2 O-O 15. Kb1 Bb7 16. h4 Bc6 17. h5 b4 18. Nd1 e5 19. Rd2 exf4 20. h6 g6 21. Nf2 fxg3 22. Ng4 f6 23. Rf1 Bb5 24. Qf3 Bxf1 25. Bxf1 Nc6 26. Bxa6 Kh8 27. Bd3 Qd6 28. Rg2 Rbe8 29. Rxg3 f5 0-1


[Site "https://www.chess.com"]

[Event "Early Titled Tuesday Blitz | February 8 2022"]
[White "Sarkar, Justin"]
[Black "Papp, Petra"]
[WhiteFideId "2010011"]
[BlackFideId "739049"]
[WhiteElo "2038"]
[BlackElo "2259"]
[Result "0-1"]
[Round "06"]
[TimeControl "180+1"]
[Date "2022.02.08"]
[WhiteClock "0:00:01"]
[BlackClock "0:00:44"]

1. d4 d6 2. e4 Nf6 3. Nc3 e5 4. Nge2 g6 5. f3 Bg7 6. Be3 O-O 7. Qd2 Nc6 8. O-O-O a6 9. d5 Ne7 10. g4 b5 11. Ng3 b4 12. Nce2 a5 13. h4 a4 14. Qxb4 Bd7 15. h5 Rb8 16. Qa3 Qc8 17. hxg6 fxg6 18. c4 Bxg4 19. fxg4 Nxg4 20. Bh3 Rf3 21. Rdf1 Rxe3 22. Bxg4 Rxa3 23. Bxc8 Rxa2 24. Be6+ Kh8 25. Nc3 Raxb2 26. Rf7 Ng8 27. Nb5 Rb3 28. Kc2 Rxg3 29. Ra1 Nh6 30. Rxa4 Nxf7 31. Bxf7 h5 32. Nxc7 h4 33. Nb5 h3 34. Ra1 Bh6 0-1


[Site "https://www.chess.com"]

[Event "Early Titled Tuesday Blitz | February 8 2022"]
[White "Schut, Han"]
[Black "Sokolovsky, Yahli"]
[WhiteFideId "1005561"]
[BlackFideId "2820242"]
[WhiteElo "2057"]
[BlackElo "1770"]
[Result "0-1"]
[Round "06"]
[TimeControl "180+1"]
[Date "2022.02.08"]
[WhiteClock "0:00:10"]
[BlackClock "0:00:07"]

1. e4 g6 2. d4 Bg7 3. Nc3 d6 4. f4 a6 5. Nf3 b5 6. Bd3 Bb7 7. e5 dxe5 8. dxe5 e6 9. Qe2 Ne7 10. O-O Nd5 11. Ne4 Nd7 12. c3 Qe7 13. a4 bxa4 14. Rxa4 Nc5 15. Nxc5 Qxc5+ 16. Kh1 a5 17. Be4 O-O 18. c4 Ba6 19. Bd2 Rab8 20. Bxa5 Nxf4 21. Qd2 Nd5 22. Rc1 Nb6 23. Bb4 Nxa4 24. Bxc5 Nxc5 25. Bc6 Nb3 26. Qc2 Nxc1 27. Qxc1 Bb7 28. Bb5 Bxf3 29. gxf3 Bxe5 30. b4 c6 31. Bxc6 Rxb4 32. Be4 Rfb8 33. c5 Rb2 34. c6 Rxh2+ 35. Kg1 Bc7 36. Qd1 Rbb2 37. Qd7 Bb6+ 38. Kf1 Rh1# 0-1


[Site "https://www.chess.com"]

[Event "Early Titled Tuesday Blitz | February 8 2022"]
[White "Sharavdorj, Dashzegve"]
[Black "Demin, Vladimir"]
[WhiteFideId "4900340"]
[BlackFideId "4167457"]
[WhiteElo "2366"]
[BlackElo "2503"]
[Result "1-0"]
[Round "06"]
[TimeControl "180+1"]
[Date "2022.02.08"]
[WhiteClock "0:02:17"]
[BlackClock "0:01:38"]

1. d4 Nf6 2. c4 e6 3. Nf3 d5 4. Nc3 c6 5. Bg5 h6 6. Bxf6 Qxf6 7. e3 g6 8. Bd3 Bg7 9. O-O O-O 10. e4 dxe4 11. Nxe4 Qe7 12. Re1 Rd8 13. c5 Nd7 14. Nd6 Nf6 15. Ne5 Rxd6 16. cxd6 Qxd6 17. Bc4 Bd7 18. Qf3 Be8 19. Rad1 Rd8 20. Nxg6 b5 21. Bb3 a5 22. a3 a4 23. Ba2 Nd5 24. Bxd5 cxd5 25. Ne5 Rc8 26. Rc1 Rxc1 27. Rxc1 Bxe5 28. dxe5 Qxe5 29. Qg3+ Qxg3 30. hxg3 Kf8 31. f4 Ke7 32. Kf2 Kd6 33. g4 f5 34. gxf5 exf5 35. Ke3 h5 36. g3 Bd7 37. Kd4 Bc6 38. Rh1 Be8 39. Re1 Bd7 40. Re3 Bc8 41. Re8 Bd7 42. Rh8 1-0


[Site "https://www.chess.com"]

[Event "Early Titled Tuesday Blitz | February 8 2022"]
[White "Shevtchenko, Olesya"]
[Black "Navalgund, Niranjan"]
[WhiteFideId "24131890"]
[BlackFideId "5030854"]
[WhiteElo "2003"]
[BlackElo "2290"]
[Result "1-0"]
[Round "06"]
[TimeControl "180+1"]
[Date "2022.02.08"]
[WhiteClock "0:01:41"]
[BlackClock "0:01:40"]

1. e4 e5 2. Bc4 d5 3. Bxd5 Nf6 4. Nc3 Nxd5 5. exd5 Bc5 6. Nf3 O-O 7. d3 Bg4 8. h3 f5 9. Be3 Bb4 10. hxg4 fxg4 11. Nxe5 Qf6 12. d4 Bxc3+ 13. bxc3 c6 14. Qxg4 cxd5 15. Rb1 Qe7 16. Kd2 Nc6 17. Qh5 Nxe5 18. Qxh7+ Kf7 19. Qf5+ Kg8 20. Qxe5 Qd7 21. Rh3 Rae8 22. Qh5 Rf5 23. Qh7+ Kf7 24. Rg3 Rg8 25. Rxb7 Rxf2+ 26. Bxf2 Qxb7 27. Qg6+ Ke7 28. Re3+ Kd8 29. Bh4+ Kc8 30. Qe6+ Kc7 31. Qf7+ Kb6 32. Re6+ Ka5 33. Qxb7 1-0


[Site "https://www.chess.com"]

[Event "Early Titled Tuesday Blitz | February 8 2022"]
[White "Shkapenko, Pavel"]
[Black "Aaditya Dhingra"]
[WhiteFideId "4151933"]
[BlackFideId "25678191"]
[WhiteElo "2386"]
[BlackElo "1789"]
[Result "0-1"]
[Round "06"]
[TimeControl "180+1"]
[Date "2022.02.08"]
[WhiteClock "0:00:10"]
[BlackClock "0:00:19"]

1. e4 c6 2. d4 d5 3. e5 c5 4. dxc5 Nc6 5. a3 e6 6. b4 a5 7. Bb2 axb4 8. axb4 Rxa1 9. Bxa1 Nxb4 10. Bd4 Qa5 11. Nd2 Bxc5 12. c3 Bxd4 13. cxd4 Bd7 14. Qc1 Ne7 15. Ngf3 O-O 16. Be2 Rc8 17. Qb2 Rc2 18. Qb1 Bb5 19. Kf1 Bxe2+ 20. Kxe2 Qb5+ 21. Kd1 Qa4 22. Ke2 Qb5+ 23. Kd1 Ra2 24. Re1 Qa4+ 25. Qb3 Ra1+ 26. Ke2 Qb5+ 27. Ke3 g5 28. g4 Ra3 29. Rc1 Rxb3+ 30. Nxb3 Qd3# 0-1


[Site "https://www.chess.com"]

[Event "Early Titled Tuesday Blitz | February 8 2022"]
[White "Shtyka, Sergey"]
[Black "Aditya Mittal"]
[WhiteFideId "4138465"]
[BlackFideId "35042025"]
[WhiteElo "2014"]
[BlackElo "2287"]
[Result "1-0"]
[Round "06"]
[TimeControl "180+1"]
[Date "2022.02.08"]
[WhiteClock "0:00:08"]
[BlackClock "0:00:03"]

1. e4 c5 2. Nf3 d6 3. d4 cxd4 4. Nxd4 Nf6 5. Nc3 a6 6. Bc4 e6 7. O-O Nbd7 8. Be3 Nc5 9. Bd3 b5 10. a3 Bb7 11. f3 Be7 12. Qe2 O-O 13. Rad1 Qc7 14. Nb3 d5 15. Nxc5 Bxc5 16. Bxc5 Qxc5+ 17. Qf2 d4 18. Ne2 Rad8 19. c3 e5 20. cxd4 exd4 21. Rc1 Qb6 22. e5 Nd7 23. f4 Nc5 24. Bb1 Nb3 25. Rcd1 a5 26. Kh1 a4 27. Ng3 Qc6 28. Be4 Qc7 29. Bxb7 Qxb7 30. Nf5 Qe4 31. Ne7+ Kh8 32. Rfe1 Qb7 33. Nf5 Qd7 34. Ng3 Qc6 35. Ne4 d3 36. Nd6 Qc2 37. Qh4 Kg8 38. f5 d2 39. Rf1 Qd3 40. f6 Qg6 41. Nf5 Rfe8 42. Ne7+ Rxe7 43. fxe7 Re8 44. h3 Qe6 45. Rf3 Qxe7 46. Qxe7 Rxe7 47. Rxb3 axb3 48. Rxd2 h5 49. Rd3 Rxe5 50. Rxb3 h4 51. Kg1 Kh7 52. Kf2 g5 53. Rb4 Kg6 54. Kf3 f5 55. Rd4 f4 56. Kg4 Re6 57. Rd5 Re2 58. Rxg5+ Kf6 59. Kxh4 Rxb2 60. Rc5 Rb3 61. Kg4 Rxa3 62. Kxf4 b4 63. Rb5 b3 64. h4 Ra2 65. g4 Rf2+ 66. Kg3 Rb2 67. h5 Rb1 68. Rb6+ Kg7 69. Kf4 b2 70. Kg5 Kf7 71. h6 Ke7 72. Rb7+ Kd6 73. Kg6 Kc6 74. Rb3 Kc5 75. g5 Kc4 76. Rb8 Kc3 77. h7 Rh1 78. Rxb2 Kxb2 79. Kg7 Kc3 80. h8=Q Rxh8 81. Kxh8 Kd4 82. g6 1-0


[Site "https://www.chess.com"]

[Event "Early Titled Tuesday Blitz | February 8 2022"]
[White "Shukhman, Anna"]
[Black "Roebers, Jan"]
[WhiteFideId "54180058"]
[BlackFideId "1007815"]
[WhiteElo "1628"]
[BlackElo "2129"]
[Result "1-0"]
[Round "06"]
[TimeControl "180+1"]
[Date "2022.02.08"]
[WhiteClock "0:00:22"]
[BlackClock "0:00:04"]

1. e4 e5 2. Nf3 Nc6 3. Bb5 a6 4. Ba4 Nf6 5. O-O Be7 6. Re1 b5 7. Bb3 O-O 8. c3 d5 9. exd5 Nxd5 10. h3 Bb7 11. d4 exd4 12. cxd4 Bb4 13. Nc3 Nxc3 14. bxc3 Bxc3 15. Bg5 Qc8 16. d5 Na5 17. Be7 Nxb3 18. Qxb3 Bxa1 19. Bxf8 Qxf8 20. Rxa1 Qd6 21. Rd1 Re8 22. a4 b4 23. a5 h6 24. Rd4 Rd8 25. Rxb4 Bxd5 26. Qc3 Bxf3 27. gxf3 Qg6+ 28. Rg4 Qb1+ 29. Kg2 g6 30. Qxc7 Qd3 31. Rf4 Qd7 32. Qxd7 Rxd7 33. Rf6 Ra7 34. Kg3 Kg7 35. Rb6 f5 36. Kf4 Rc7 37. Rxa6 Rc4+ 38. Ke5 Rb4 39. Ra7+ Kh8 40. a6 1-0


[Site "https://www.chess.com"]

[Event "Early Titled Tuesday Blitz | February 8 2022"]
[White "Silich, Yahor"]
[Black "Rytenko, Vsevolod"]
[WhiteFideId "13513656"]
[BlackFideId "14133040"]
[WhiteElo "2101"]
[BlackElo "2144"]
[Result "1-0"]
[Round "06"]
[TimeControl "180+1"]
[Date "2022.02.08"]
[WhiteClock "0:00:03"]
[BlackClock "0:00:02"]

1. e4 e6 2. d4 d5 3. Nc3 Bb4 4. e5 Ne7 5. a3 Bxc3+ 6. bxc3 b6 7. Nh3 h6 8. Nf4 c5 9. Nh5 Rg8 10. Bb5+ Bd7 11. Bd3 Nf5 12. O-O cxd4 13. cxd4 Qh4 14. c3 Nc6 15. g3 Qd8 16. Qf3 Qc7 17. a4 O-O-O 18. Ba3 Na5 19. Bb4 Nc4 20. a5 b5 21. a6 Bc6 22. Bc5 Nd2 23. Qe2 Nxf1 24. Kxf1 Kb8 25. Bxb5 Bxb5 26. Qxb5+ Ka8 27. Qb7+ Qxb7 28. axb7+ Kxb7 29. Rxa7+ Kc6 30. Rxf7 Kb5 31. Nf4 Rge8 32. f3 Kc4 33. g4 Nh4 34. Kf2 Kxc3 35. Rxg7 Ra8 36. Kg3 Rac8 37. Kxh4 Rxc5 38. dxc5 d4 39. Rd7 Rf8 40. Kg3 Rc8 41. Nxe6 d3 42. Nf4 d2 43. Kf2 Rxc5 44. Ng2 Rxe5 45. Ne3 Re8 46. Ke2 h5 47. Rd3+ 1-0


[Site "https://www.chess.com"]

[Event "Early Titled Tuesday Blitz | February 8 2022"]
[White "Stankovic, Ivan G"]
[Black "Martin Duque, Jesus"]
[WhiteFideId "902837"]
[BlackFideId "2208954"]
[WhiteElo "2195"]
[BlackElo "2243"]
[Result "1/2-1/2"]
[Round "06"]
[TimeControl "180+1"]
[Date "2022.02.08"]
[WhiteClock "0:00:29"]
[BlackClock "0:00:08"]

1. e4 c5 2. c4 Nc6 3. Nc3 g6 4. g3 Bg7 5. Bg2 d6 6. d3 e6 7. Nge2 Nge7 8. Be3 Nd4 9. Rb1 Nec6 10. a3 b6 11. O-O Bb7 12. b4 O-O 13. Qd2 Qd7 14. Bh6 f5 15. Bxg7 Qxg7 16. b5 Nxe2+ 17. Nxe2 Nd4 18. Nxd4 Qxd4 19. exf5 Bxg2 20. Kxg2 Rxf5 21. Qe2 e5 22. Qe4 Raf8 23. Qxd4 cxd4 24. f3 Kf7 25. a4 Ke6 26. a5 d5 27. axb6 axb6 28. Rbc1 Ra8 29. cxd5+ Kxd5 30. Rc6 Ra3 31. g4 Rf8 32. Rd1 Ra2+ 33. Kg3 Re2 34. g5 Re3 35. Rf6 Rxf6 36. gxf6 Ke6 37. Rc1 Kxf6 38. Rc6+ Kf5 39. Rxb6 Rxd3 40. Rb8 Rb3 41. b6 e4 42. b7 Kg5 43. Rd8 Rxb7 44. Rxd4 e3 45. Re4 Rb3 46. h4+ Kf5 47. Rf4+ Ke5 48. Re4+ Kd5 49. Kf4 h6 50. Re8 Rb4+ 51. Kg3 Rb3 52. Kf4 Kd4 53. Rd8+ Kc5 54. Re8 Kd4 55. Rd8+ Kc5 56. Re8 g5+ 57. hxg5 hxg5+ 58. Kxg5 Kd4 59. Kf4 Rb7 60. Re4+ Kd5 61. Kxe3 Rf7 62. Re8 Kd6 63. f4 Re7+ 64. Rxe7 Kxe7 65. Ke4 Kf6 66. f5 Kf7 1/2-1/2


[Site "https://www.chess.com"]

[Event "Early Titled Tuesday Blitz | February 8 2022"]
[White "Sychev, Klementy"]
[Black "Fier, Alexandr"]
[WhiteFideId "4114060"]
[BlackFideId "2107139"]
[WhiteElo "2564"]
[BlackElo "2569"]
[Result "0-1"]
[Round "06"]
[TimeControl "180+1"]
[Date "2022.02.08"]
[WhiteClock "0:00:01"]
[BlackClock "0:00:28"]

1. e4 Nf6 2. e5 Nd5 3. d4 d6 4. c4 Nb6 5. exd6 cxd6 6. Nc3 g6 7. Be3 Bg7 8. Rc1 O-O 9. b3 e5 10. dxe5 dxe5 11. Qxd8 Rxd8 12. c5 N6d7 13. Nf3 Nc6 14. Bc4 Na5 15. Be2 Nc6 16. O-O Nd4 17. Bxd4 exd4 18. Nb5 d3 19. Bxd3 Nxc5 20. Bxg6 hxg6 21. Rxc5 b6 22. Rcc1 Ba6 23. a4 Bxb5 24. axb5 Rd5 25. Rfd1 Rxb5 26. Rd3 a5 27. h4 Rb4 28. Rc7 b5 29. Rdd7 Rf4 30. Ng5 a4 31. bxa4 bxa4 32. Ra7 Rxa7 33. Rxa7 Bd4 34. Ra8+ Kg7 35. Nh3 Rxh4 36. Kf1 Bb2 37. Ra7 Rb4 38. Ng5 Bd4 39. Ne6+ Kf6 40. Nxd4 Rxd4 41. Ke2 Ke6 42. Ke3 Rb4 43. f4 f5 44. Ra6+ Kf7 45. g3 Rb3+ 46. Kf2 a3 47. Kg2 Rb2+ 48. Kf3 a2 49. g4 Ke7 50. gxf5 gxf5 51. Ke3 Kd7 52. Kd4 Re2 53. Kd5 Ke7 54. Ra7+ Kf6 55. Ra6+ Kf7 56. Kd4 Kg7 57. Kd5 Kf7 58. Kd4 Ke7 59. Kd5 Kd7 60. Ra7+ Kc8 61. Kc6 Kb8 62. Ra3 Rc2+ 63. Kd5 Kb7 64. Ke6 Kb6 65. Kf6 Rb2 66. Kg5 Rc2 67. Kf6 Kb5 68. Kg5 Kb4 69. Ra8 Rd2 70. Kf6 Rh2 71. Kg5 Rc2 72. Kf6 Kb3 73. Rb8+ Kc3 74. Ra8 Kb2 75. Kxf5 Rc3 76. Kg4 Ra3 77. Rb8+ Kc2 78. Rc8+ Kd2 79. Rd8+ Ke2 0-1


[Site "https://www.chess.com"]

[Event "Early Titled Tuesday Blitz | February 8 2022"]
[White "Tarhan, Adar"]
[Black "Jaferian, Koosha"]
[WhiteFideId "34544712"]
[BlackFideId "12507440"]
[WhiteElo "1802"]
[BlackElo "2027"]
[Result "0-1"]
[Round "06"]
[TimeControl "180+1"]
[Date "2022.02.08"]
[WhiteClock "0:00:13"]
[BlackClock "0:00:07"]

1. e4 c6 2. Nf3 d5 3. d3 g6 4. Nbd2 Bg7 5. g3 e5 6. Bg2 Ne7 7. O-O O-O 8. Re1 Qc7 9. c3 h6 10. Qe2 Nd7 11. d4 exd4 12. Nxd4 Nc5 13. exd5 Nxd5 14. N2b3 Ne6 15. Nxe6 Bxe6 16. Bd2 Rae8 17. Rad1 Bd7 18. Qd3 Bf5 19. Qc4 Nb6 20. Qh4 h5 21. Bf4 Qc8 22. Bd6 Rxe1+ 23. Rxe1 Re8 24. Rxe8+ Qxe8 25. Qe7 Qxe7 26. Bxe7 Nc4 27. Nc5 b6 28. b3 Nd2 29. Nb7 c5 30. c4 Bb1 31. Bg5 Bc3 32. Nd6 Bxa2 33. Bd5 Bxb3 34. Nxf7 Kf8 35. Nd6 a5 36. Bh6+ Ke7 37. Nc8+ Kd8 38. Nxb6 a4 39. Bg5+ Kc7 40. Na8+ Kb8 41. Bf4+ Ka7 42. Nc7 Bb4 43. Nb5+ Kb6 44. Bc7+ Ka6 45. Be6 Bxc4 46. Bxc4 Nxc4 47. Nd6 Nxd6 48. Bxd6 a3 49. Be5 Kb5 50. Kf1 Kc4 51. Ke2 Bc3 52. Bf4 a2 0-1


[Site "https://www.chess.com"]

[Event "Early Titled Tuesday Blitz | February 8 2022"]
[White "Terletsky, Oleg"]
[Black "Eynullayev, Altay"]
[WhiteFideId "14116774"]
[BlackFideId "13413562"]
[WhiteElo "2050"]
[BlackElo "2079"]
[Result "0-1"]
[Round "06"]
[TimeControl "180+1"]
[Date "2022.02.08"]
[WhiteClock "0:00:01"]
[BlackClock "0:00:12"]

1. e4 c5 2. Nf3 e6 3. d4 cxd4 4. Nxd4 Nc6 5. Nb5 d6 6. c4 a6 7. N5a3 Nf6 8. Nc3 Be7 9. Be2 O-O 10. O-O Ne5 11. Be3 Bd7 12. g4 Bc6 13. f3 h6 14. Nc2 d5 15. cxd5 exd5 16. f4 Nc4 17. Bd4 Nxb2 18. Qc1 Na4 19. e5 Nxc3 20. Bxc3 Bc5+ 21. Bd4 Qb6 22. Qe3 Bxd4 23. Nxd4 Ne4 24. Rab1 Qc7 25. Nf5 Rad8 26. Bf3 Rfe8 27. Bxe4 dxe4 28. Rfd1 Re6 29. Kf2 Qa5 30. Kg3 Rd5 31. Rxd5 Qxd5 32. Rb2 Qd3 33. Rd2 Qxe3+ 34. Nxe3 f6 35. Rd8+ Kh7 36. Nf5 fxe5 37. Nd6 exf4+ 38. Kxf4 e3 39. Nf7 e2 0-1


[Site "https://www.chess.com"]

[Event "Early Titled Tuesday Blitz | February 8 2022"]
[White "Thomas, Anysia"]
[Black "Pesotskiy, Mikhail"]
[WhiteFideId "670472"]
[BlackFideId "34164453"]
[WhiteElo "2002"]
[BlackElo "2010"]
[Result "0-1"]
[Round "06"]
[TimeControl "180+1"]
[Date "2022.02.08"]
[WhiteClock "0:00:05"]
[BlackClock "0:01:01"]

1. d4 Nf6 2. c4 e6 3. Nf3 Bb4+ 4. Nbd2 b6 5. g3 Bb7 6. Bg2 O-O 7. O-O d6 8. Nb1 d5 9. Ne5 Nbd7 10. a3 Bd6 11. Nxd7 Qxd7 12. Nc3 c5 13. cxd5 Nxd5 14. e4 Nxc3 15. bxc3 Rfd8 16. Be3 Rac8 17. Qh5 Bf8 18. Rfd1 cxd4 19. cxd4 Qa4 20. d5 exd5 21. exd5 Rc7 22. Bg5 f6 23. Be3 Rcd7 24. Rd4 Qb3 25. Be4 g6 26. Qg4 Bxd5 27. Bxd5+ Rxd5 28. Qe6+ Kg7 29. Rc1 R8d7 30. Rc8 Qb1+ 31. Kg2 Rxd4 32. Rxf8 Kxf8 33. Bh6+ Rg7 34. Qxf6+ Ke8 35. Bxg7 Qe4+ 36. Kh3 Qg4+ 37. Kg2 Qe4+ 38. Kh3 Rc4 39. Qf8+ Kd7 40. Qf7+ Kc8 41. Qf8+ Kb7 42. Qf7+ Rc7 43. Qf8 Qf5+ 44. Kg2 Qxf8 45. Bxf8 Rc3 46. Bh6 Rxa3 47. Be3 b5 48. h4 b4 0-1


[Site "https://www.chess.com"]

[Event "Early Titled Tuesday Blitz | February 8 2022"]
[White "Todorovic, Bojan"]
[Black "Guliev, Logman"]
[WhiteFideId "917087"]
[BlackFideId "13400061"]
[WhiteElo "2266"]
[BlackElo "2128"]
[Result "0-1"]
[Round "06"]
[TimeControl "180+1"]
[Date "2022.02.08"]
[WhiteClock "0:00:32"]
[BlackClock "0:01:05"]

1. Nf3 c5 2. c4 Nf6 3. g3 g6 4. Bg2 Bg7 5. O-O O-O 6. Nc3 Nc6 7. a3 e6 8. b4 cxb4 9. axb4 b6 10. b5 Na5 11. Ne5 Bb7 12. Bxb7 Nxb7 13. Ba3 Re8 14. d4 Qc7 15. Qd3 Nc5 16. Qf3 Nb3 17. Rad1 Nxd4 18. Rxd4 Qxe5 19. Rfd1 Rac8 20. Bd6 Qf5 21. Qb7 Ng4 22. Rf4 Qh5 23. Rd3 Qxh2+ 24. Kf1 e5 25. Rxf7 Kxf7 26. Qxd7+ Kg8 0-1


[Site "https://www.chess.com"]